 Dungeon Crawl Stone Soup version 0.28.0-47-ge53b351184 (webtiles) character file.

Game seed: 16130748577349232681

307 nickcage the Chiller (level 6, -3/32 HPs)
             Began as a Deep Elf Ice Elementalist on May 2, 2022.
             Was an Initiate of Vehumet.
             Slain by a phantom (4 damage)
             ... on level 4 of the Dungeon.
             The game lasted 00:10:07 (2886 turns).

nickcage the Chiller (Deep Elf Ice Elementalist)    Turns: 2886, Time: 00:10:08

Health: -3/32      AC:  3    Str:  5    XL:     6   Next: 16%
Magic:  10/15      EV: 12    Int: 22    God:    Vehumet [......]
Gold:   140        SH:  0    Dex: 15    Spells: 7/15 levels left

rFire   . . .      SeeInvis .   g - +2 short sword (holy)
rCold   . . .      Faith    .   (no shield)
rNeg    . . .      Spirit   .   a - +0 robe
rPois   .          Reflect  .   (no helmet)
rElec   .          Harm     .   (no cloak)
rCorr   .          Rampage  .   (no gloves)
Will    .....                   m - +0 pair of boots
Stlth   ++........              (no amulet)
HPRegen 0.10/turn               (no ring)
MPRegen 0.14/turn               (no ring)

@: no status effects
A: no striking features
a: Renounce Religion


You were on level 4 of the Dungeon.
You worshipped Vehumet.
Vehumet was noncommittal.
You visited 2 branches of the dungeon, and saw 5 of its levels.

You collected 140 gold pieces.

Inventory:

Hand Weapons
 e - a +0 whip
 g - a +2 short sword of holy wrath (weapon)
 o - a +2 dagger of venom
Armour
 a - a +0 robe (worn)
 m - a +0 pair of boots (worn)
Scrolls
 c - a scroll of fear {unknown}
 d - 3 scrolls of identify {unknown}
 h - a scroll of fog {unknown}
 i - 2 scrolls of teleportation {unknown}
 k - 2 scrolls of silence {unknown}
 l - a scroll of amnesia {unknown}
 n - 2 scrolls of enchant weapon {unknown}
 p - a scroll of blinking {unknown}
Potions
 b - 2 potions of heal wounds {unknown}
 f - a potion of ambrosia {unknown}
 j - a potion of attraction {unknown}
 q - a potion of magic {unknown}


   Skills:
 - Level 2.4 Dodging
 - Level 2.4 Stealth
 - Level 5.0 Spellcasting
 * Level 2.6 Conjurations
 + Level 6.5 Ice Magic
 - Level 1.4 Air Magic


You had 7 spell levels left.
You knew the following spells:

 Your Spells              Type           Power      Damage    Failure   Level
a - Freeze                Ice            100%       1d11      1%          1
b - Frozen Ramparts       Ice            68%        1d8       1%          3
c - Ozocubu's Armour      Ice            34%        N/A       1%          3
d - Shock                 Conj/Air       56%        1d6       4%          1

Your spell library contained the following spells:

 Spells                   Type           Power      Damage    Failure   Level
 Hailstorm                Conj/Ice       25%        3d7       16%         4


Dungeon Overview and Level Annotations

Branches:
Dungeon (4/15)             Temple (1/1) D:4

Altars:
Ashenzari
Elyvilon
Gozag
Hepliaklqana
Makhleb
Nemelex Xobeh
Okawaru
Qazlal
Vehumet
Xom
Jiyva


Message History

The phantom is lightly damaged.
The zap misses the phantom.
The zap misses the phantom.
The phantom misses you.
Your +2 dagger of venom stops dripping with poison.
Your +2 short sword of holy wrath softly glows with a divine radiance!
g - a +2 short sword of holy wrath (weapon)
The phantom hits you.
The phantom blinks!
You blink.
Your icy armour cracks and falls away as you move.
You hit the phantom.
The phantom convulses.
The phantom is lightly damaged.
The phantom hits you but does no damage.
You hit the phantom.
The phantom convulses.
The phantom is moderately damaged.
The phantom hits you!
The phantom blinks!
You blink.
You barely miss the phantom.
The phantom is moderately damaged.
The phantom hits you but does no damage.
You barely miss the phantom.
The phantom is moderately damaged.
The phantom hits you but does no damage.
You hit the phantom but do no damage.
The phantom is moderately damaged.
The phantom hits you!
The phantom blinks!
You blink.
A gnoll comes into view. It is wielding a +1 spear of venom.
The gnoll shouts!
You hit the phantom.
The phantom convulses.
The phantom is heavily damaged.
A gnoll comes into view. It is wielding a +0 flail.
The phantom hits you!
* * * LOW HITPOINT WARNING * * *
The gnoll shouts!
You hit the phantom.
The phantom convulses.
The phantom is heavily damaged.
You hear a shout!
The phantom hits you.
* * * LOW HITPOINT WARNING * * *
You hit the phantom.
The phantom convulses.
The phantom is severely damaged.
The phantom hits you.
You die...

###.# ##### #.... .
##...##....###..
.###....#.........# ##
##.................
####.##...........##....
#...............@...gg#
................W.....#
............#.........#
#.###...####........## .
#..................##...
##.#..........#....[...#
##.......#........!#
#..>######..#.#....#
##รท....##...#..........


You could see a phantom and 2 gnolls.

Vanquished Creatures
  An orc priest (D:2)
  An iguana (D:3)
  Jessica (D:2)
  4 orc wizards
  A hound skeleton (D:4)
  2 adders
  10 orcs
  5 bats
  5 endoplasms
  4 giant cockroaches
  4 goblins
  7 hobgoblins
  6 jackals
  A quokka (D:1)
  6 ball pythons
  3 frilled lizards
  7 kobolds
  3 rats (D:1)
71 creatures vanquished.

Vanquished Creatures (others)
  An orc wizard (D:3)
  A butterfly (Temple)
  A fungus (D:1)
  A plant (D:1)
4 creatures vanquished.

Grand Total: 75 creatures vanquished

Notes
Turn   | Place    | Note
-------+----------+-------------------------------------------
     0 | D:1      | nickcage the Deep Elf Ice Elementalist began the quest for
                  | the Orb.
     0 | D:1      | Reached XP level 1. HP: 10/10 MP: 6/6
   143 | D:1      | Reached XP level 2. HP: 12/15 MP: 2/8
   234 | D:1      | Reached skill level 5 in Ice Magic
   620 | D:1      | Found a faded altar of an unknown god.
   625 | D:1      | Got Plato's Volume of the Birds
   754 | D:2      | Noticed Jessica
   757 | D:2      | Killed Jessica
   758 | D:2      | Reached XP level 3. HP: 11/19 MP: 7/10
   974 | D:2      | Reached XP level 4. HP: 23/24 MP: 7/12
   983 | D:2      | Learned a level 3 spell: Frozen Ramparts
   987 | D:2      | Learned a level 3 spell: Ozocubu's Armour
   989 | D:2      | Learned a level 1 spell: Shock
  1332 | D:2      | Reached skill level 6 in Ice Magic
  1332 | D:2      | Reached XP level 5. HP: 28/28 MP: 5/14
  1704 | D:3      | Reached skill level 1 in Conjurations
  1829 | D:3      | Found a stormy altar of Qazlal.
  1830 | D:3      | Noticed a water elemental
  1831 | D:3      | Noticed a fire elemental
  1831 | D:3      | Noticed an air elemental
  2018 | D:3      | Reached skill level 5 in Spellcasting
  2021 | D:3      | Reached skill level 1 in Air Magic
  2465 | D:4      | Found a staircase to the Ecumenical Temple.
  2474 | Temple   | Entered the Ecumenical Temple
  2492 | Temple   | Became a worshipper of Vehumet
  2671 | D:4      | Reached XP level 6. HP: 28/32 MP: 5/15
  2884 | D:4      | HP: 1/32 [phantom (3)]
  2886 | D:4      | Slain by a phantom

Illustrated notes

Levels and vault maps discovered:
D:1:      giann_bridges, layout_rooms, shapermc_ecumenical_altar_rom_forum
D:2:      layout_basic, uniq_jessica
D:3:      layout_basic, nicolae_qazlal_style_of_elements
D:4:      minmay_diamond_boxcup, layout_cave_pools,
          minmay_temple_entry_butterflies, uniq_menkaure, uniq_sigmund
Temple:   pf_slime_end_temple

Skill      XL: |  1  2  3  4  5 |
---------------+----------------+-----
Ice Magic      | 5 6 |  6.5
Spellcasting   | 4 5 |  5.0
Conjurations   | 2 |  2.6
Air Magic      | 1 |  1.4
Dodging        | |  2.4
Stealth        | |  2.4

Action                   |  1- 3 |  4- 6 || total
-------------------------+-------+-------++-------
Melee: Short sword       |     5 |     8 ||    13
       Dagger            |       |     4 ||     4
 Cast: Freeze            |    39 |    14 ||    53
       Shock             |       |    68 ||    68
       Ozocubu's Armour  |       |     4 ||     4
       Frozen Ramparts   |       |     3 ||     3
 Stab: Sleeping          |     3 |     1 ||     4
Armor: Robe              |     4 |     5 ||     9
Dodge: Dodged            |    12 |    13 ||    25
